 Dungeon Crawl Stone Soup version 0.23-a0-208-gb6b040f (webtiles) character file.

5506 vinnietd the Thaumaturge (level 10, -2/80 HPs)
             Began as a Mummy Summoner on Sept 25, 2018.
             Was a Priest of Sif Muna.
             Killed by divine providence
             ... invoked by a meliai
              (14 damage)
             ... on level 9 of the Dungeon.
             The game lasted 00:27:19 (12396 turns).

vinnietd the Thaumaturge (Mummy Summoner)          Turns: 12396, Time: 00:27:20

Health: -2/80      AC: 13    Str: 12    XL:     10   Next: 42%
Magic:  14/24      EV: 12    Int: 18    God:    Sif Muna [***...]
Gold:   429        SH:  0    Dex: 13    Spells: 15/29 levels left

rFire    x . .     SeeInvis +   q - +11 whip of the Shoals {venom, Dex+4}
rCold    + . .     Gourm    .   (no shield)
rNeg     + + +     Faith    .   r - +1 robe of Saeceis {rElec Dex-3 Slay+3} (curse)
rPois    ∞         Spirit   .   s - +0 helmet
rElec    +         Reflect  .   (no cloak)
rCorr    .         Harm     .   t - +2 pair of gloves
MR       +....                  (no boots)
Stlth    ++........             (no amulet)
HPRegen  0.23/turn              i - +6 ring of protection
MPRegen  0.19/turn              j - ring of see invisible

@: very slightly contaminated
A: no food or potions, fire vulnerability, cold resistance 1, negative energy
resistance 3, torment resistance, unbreathing
a: Divine Energy, Channel Magic, Renounce Religion


You were on level 9 of the Dungeon.
You worshipped Sif Muna.
Sif Muna was most pleased with you.
You were not hungry.

You visited 2 branches of the dungeon, and saw 10 of its levels.

You collected 574 gold pieces.
You spent 145 gold pieces at shops.

Inventory:

Hand Weapons
 c - a +1 dagger of pain
 q - the +11 whip of the Shoals (weapon) {venom, Dex+4}
   (You took it off an orc on level 4 of the Dungeon)

   It poisons the flesh of those it strikes.
   It affects your dexterity (+4).
Missiles
 g - 429 stones (quivered)
Armour
 r - the cursed +1 robe of Saeceis (worn) {rElec Dex-3 Slay+3}
   (You took it off an orc on level 4 of the Dungeon)

   It affects your dexterity (-3).
   It affects your accuracy and damage with ranged weapons and melee attacks
   (+3).
   It insulates you from electricity.
   It has a curse placed upon it.
 s - a +0 helmet (worn)
 t - a +2 pair of gloves (worn)
Jewellery
 i - a +6 ring of protection (left hand)
 j - a ring of see invisible (right hand)
Wands
 b - a wand of iceblast (20)
 d - a wand of enslavement (28)
 u - a wand of random effects (26)
Scrolls
 a - a scroll of enchant weapon
 e - 4 scrolls of magic mapping
 f - 4 scrolls of immolation
 h - 4 scrolls of teleportation
 k - 2 scrolls of fear
 l - 6 scrolls of identify {@r1}
 m - 6 scrolls of remove curse {@r2}
 n - 3 scrolls of amnesia
 o - a scroll of brand weapon {unknown}
 p - a scroll of fog


   Skills:
 + Level 8.1 Fighting
 - Level 1.5 Dodging
 - Level 1.5 Stealth
 + Level 10.1 Spellcasting
 + Level 7.8 Summonings
 - Level 4.3 Necromancy
 + Level 3.3 Ice Magic


You had 15 spell levels left.
You knew the following spells:

 Your Spells              Type           Power        Failure   Level  Hunger
a - Summon Small Mammal   Summ           ####         1%          1    N/A
b - Call Imp              Summ           #####...     1%          2    N/A
c - Animate Skeleton      Necr           N/A          1%          1    N/A
d - Call Canine Familiar  Summ           #####...     1%          3    N/A
e - Summon Guardian Gole  Hex/Summ       ###.....     4%          3    N/A
f - Summon Ice Beast      Ice/Summ       ####....     8%          4    N/A

Your spell library contained the following spells:

 Spells                   Type           Power        Failure   Level  Hunger
 Ensorcelled Hibernation  Hex/Ice        ###...       6%          2    N/A
 Apportation              Tloc           #.....       8%          1    N/A
 Confusing Touch          Hex            #.....       8%          1    N/A
 Corona                   Hex            #......      8%          1    N/A
 Slow                     Hex            #.......     12%         2    N/A
 Sticks to Snakes         Tmut           #.......     12%         2    N/A
 Summon Lightning Spire   Summ/Air       ###.....     16%         4    N/A
 Confuse                  Hex            #.......     24%         3    N/A
 Dazzling Spray           Conj/Hex       #.....       24%         3    N/A
 Inner Flame              Hex/Fire       #.......     24%         3    N/A
 Portal Projectile        Hex/Tloc       #.....       24%         3    N/A
 Tukima's Dance           Hex            #.......     24%         3    N/A
 Cause Fear               Hex            #.........   61%         4    N/A
 Leda's Liquefaction      Hex/Erth       #.........   61%         4    N/A
 Beastly Appendage        Tmut           Unusable     N/A         1    N/A
 Spider Form              Tmut/Pois      Unusable     N/A         3    N/A
 Ice Form                 Ice/Tmut       Unusable     N/A         4    N/A
 Blade Hands              Tmut           Unusable     N/A         5    N/A

Dungeon Overview and Level Annotations

Branches:
Dungeon (9/15)             Temple (1/1) D:4
   Lair: D:8-11         Orc: D:9-12

Altars:
Ashenzari
Cheibriados
Dithmenos
Elyvilon
Fedhas
Gozag
Hepliaklqana
Kikubaaqudgha
Makhleb
Nemelex Xobeh
Okawaru
Qazlal
Ru
Sif Muna
Trog
Uskayaw
Vehumet
Wu Jian
Xom
Yredelemnul
Zin
The Shining One

Shops:
D:8 ?:=?


Innate Abilities, Weirdness & Mutations

You do not eat or drink.
Your flesh is vulnerable to fire.
You are immune to poison.
Your flesh is cold resistant. (rC+)
You are immune to negative energy. (rN+++)
You are immune to unholy pain and torment.
You can survive without breathing.


Message History

The meliai calls down the wrath of its god upon you.
Something smites you! The meliai hits you but does no damage.
The meliai completely misses your ice beast.
The meliai stings you.
* * * LOW HITPOINT WARNING * * *
Your ice beast hits the meliai but does no damage. x2
Your ice beast barely misses the meliai.
The meliai invokes the aid of its god against you.
Something smites you!
* * * LOW HITPOINT WARNING * * *
The meliai hits you but does no damage. The meliai misses you.
Your ice beast closely misses the meliai.
You can't drink.
Blink to where?
Press: ? - help, Dir - move target cursor You are very lightly contaminated with residual magic.
As you read the scroll of blinking, it crumbles to dust.
The meliai calls down the wrath of its god upon you.
Something smites you!
You die...

#... ##.####....# #..
#### ##..#..##.## #.
##..## ##...####.### #
#....## ##..# ##.^##
#.....####...## ##..##
##......#y....## #...#
###......###..####..##
#...y.## ###.....##
##..@## ##..######
##..# #.......# ##.#
##.#####). #.# #.##
#.# ### #.# ###


You could see 2 meliai.

Vanquished Creatures
  A hydra (D:8)
  Psyche (D:8)
  A troll (D:6)
  Prince Ribbit (D:6)
  2 dream sheep (D:8)
  Grinder (D:6)
  2 yaks (D:8)
  Eustachio (D:6)
  2 hungry ghosts (D:9)
  Menkaure (D:4)
  Edmund (D:4)
  2 sky beasts
  An ice beast (D:9)
  A centaur (D:7)
  2 ogres
  2 crocodiles
  3 big kobolds (D:8)
  A bullfrog (D:6)
  A gnoll sergeant (D:7)
  4 killer bees (D:8)
  A howler monkey (D:6)
  2 crimson imps
  4 jellies
  2 gnoll shamans (D:7)
  6 hounds
  3 orc priests
  3 orc wizards
  2 centaur skeletons
  An iguana (D:5)
  5 worker ants
  A killer bee zombie (D:9)
  3 hound skeletons
  A howler monkey skeleton (D:7)
  7 gnolls
  5 adders
  2 shadow imps
  2 oozes
  An adder skeleton (D:4)
  3 leopard geckos
  13 orcs
  A giant cockroach (D:1)
  5 goblins
  11 hobgoblins
  4 jackals (D:4)
  A quokka (D:3)
  2 bats (D:2)
  4 frilled lizards
  A jackal zombie (D:7)
  7 kobolds
  10 rats
144 creatures vanquished.

Vanquished Creatures (collateral kills)
  Pikel (D:3)
  An orc warrior (D:7)
  3 ogres
  A big kobold (D:8)
  A bullfrog (D:7)
  A scorpion (D:7)
  2 orc wizards (D:7)
  A worker ant (D:4)
  An iguana (D:4)
  4 adders (D:2)
  7 gnolls
  A shadow imp (D:8)
  An ooze (D:2)
  4 leopard geckos
  A ball python (D:2)
  3 giant cockroaches
  8 goblins
  6 hobgoblins
  8 kobolds
  A bat (D:1)
  2 frilled lizards (D:1)
  A giant cockroach zombie (D:6)
  2 rats
61 creatures vanquished.

Vanquished Creatures (others)
  An orc wizard (D:4)
  An orc priest (D:4)
  Robin (D:4)
  3 adders
  A leopard gecko (D:4)
  2 orcs (D:4)
  2 hobgoblins (D:4)
  5 plants (D:7)
16 creatures vanquished.

Grand Total: 221 creatures vanquished

Notes
Turn   | Place    | Note
-------+----------+-------------------------------------------
     0 | D:1      | vinnietd the Mummy Summoner began the quest for the Orb.
     0 | D:1      | Reached XP level 1. HP: 13/13 MP: 4/4
   554 | D:1      | Reached skill level 3 in Spellcasting
   729 | D:1      | Reached XP level 2. HP: 9/20 MP: 3/6
   969 | D:1      | Learned a level 2 spell: Call Imp
  1182 | D:1      | Reached skill level 1 in Fighting
  1844 | D:2      | Reached XP level 3. HP: 26/26 MP: 1/7
  2036 | D:2      | Found a radiant altar of Vehumet.
  2199 | D:2      | Found a burning altar of Makhleb.
  2698 | D:2      | Reached XP level 4. HP: 14/32 MP: 4/9
  2887 | D:2      | Found a sparkling altar of Nemelex Xobeh.
  3849 | D:3      | Learned a level 1 spell: Animate Skeleton
  4016 | D:4      | Found a snail-covered altar of Cheibriados.
  4033 | D:4      | Noticed a slave
  4384 | D:4      | Noticed a slave
  4385 | D:4      | Noticed Pikel
  4385 | D:4      | Noticed a slave
  4385 | D:4      | Noticed a slave
  4503 | D:3      | Killed Pikel
  4503 | D:3      | Reached skill level 4 in Spellcasting
  4503 | D:3      | Reached XP level 5. HP: 40/40 MP: 1/11
  4503 | D:3      | Reached XP level 6. HP: 46/46 MP: 1/12
  5032 | D:4      | Killed Robin
  5131 | D:4      | Noticed Menkaure
  5140 | D:4      | Got a translucent whip {venom}
  5140 | D:4      | Got a warped robe
  5161 | D:3      | Identified the cursed +1 robe of Saeceis {rElec Dex-3
                  | Slay+3} (You took it off an orc on level 4 of the Dungeon)
  5161 | D:3      | Identified the +11 whip of the Shoals {venom, Dex+4} (You
                  | took it off an orc on level 4 of the Dungeon)
  5324 | D:4      | Killed Menkaure
  5324 | D:4      | Reached skill level 5 in Spellcasting
  5324 | D:4      | Reached XP level 7. HP: 45/52 MP: 5/14
  5386 | D:4      | Found a staircase to the Ecumenical Temple.
  5444 | D:4      | Noticed Edmund
  5459 | D:4      | Killed Edmund
  5705 | D:5      | Entered Level 5 of the Dungeon
  5728 | Temple   | Entered the Ecumenical Temple
  5839 | Temple   | Became a worshipper of Sif Muna the Loreminder
  6178 | D:5      | Found a stormy altar of Qazlal.
  6279 | D:5      | Reached skill level 5 in Summonings
  6977 | D:6      | Noticed Eustachio
  6980 | D:6      | Noticed Grinder
  6985 | D:6      | Killed Eustachio
  6988 | D:6      | Reached skill level 6 in Spellcasting
  6988 | D:6      | Reached XP level 8. HP: 57/60 MP: 15/17
  6993 | D:6      | Paralysed by Grinder for 5 turns
  7001 | D:6      | Killed Grinder
  7257 | D:6      | Noticed a dagger
  7257 | D:6      | Noticed a troll
  7262 | D:6      | Learned a level 3 spell: Call Canine Familiar
  7498 | D:6      | Noticed a dagger
  7500 | D:6      | Found a hide-covered altar of Uskayaw.
  7512 | D:6      | Noticed Prince Ribbit
  7530 | D:6      | Killed Prince Ribbit
  7530 | D:6      | Reached skill level 5 in Fighting
  7538 | D:6      | Reached skill level 7 in Spellcasting
  7795 | D:6      | Reached * piety under Sif Muna
  7857 | D:6      | Killed a troll
  8528 | D:7      | Reached XP level 9. HP: 65/69 MP: 20/20
  8589 | D:7      | Reached skill level 8 in Spellcasting
  8770 | D:7      | Learned a level 3 spell: Summon Guardian Golem
  9802 | D:7      | Reached ** piety under Sif Muna
  9926 | D:7      | Learned a level 4 spell: Summon Ice Beast
 10383 | D:8      | Found Dische Refao's Magic Scroll Emporium.
 10386 | D:8      | Bought a scroll of amnesia for 35 gold pieces
 10386 | D:8      | Bought a scroll of magic mapping for 35 gold pieces
 10386 | D:8      | Bought a scroll of blinking for 75 gold pieces
 10513 | D:8      | Noticed Psyche
 10524 | D:8      | Killed Psyche
 10524 | D:8      | Reached skill level 9 in Spellcasting
 10524 | D:8      | Reached skill level 1 in Ice Magic
 10806 | D:8      | Reached *** piety under Sif Muna
 10813 | D:8      | Reached XP level 10. HP: 73/79 MP: 23/23
 11050 | D:8      | Noticed a three-headed hydra
 11062 | D:8      | Killed a three-headed hydra
 11190 | D:8      | Found Filaur's Book Shoppe.
 11237 | D:8      | Found Fapsac's Magic Scroll Shoppe.
 11284 | D:8      | Found a shimmering altar of Xom.
 11400 | D:8      | Reached skill level 10 in Spellcasting
 11452 | D:8      | Found a blossoming altar of Fedhas.
 11662 | D:8      | Found Wuedd's Jewellery Emporium.
 12345 | D:9      | Found a bloodstained altar of Trog.
 12396 | D:9      | Killed from afar by a meliai

Vault maps used:
D:1:      scummos_arrival_gate, minmay_unequal
D:2:      fiery_altar_vehumet, chequers_temple_overflow_statue_of_worship,
          minivault_5
D:4:      cheibriados_altar_1, minmay_temple_entry_statues_pillars,
          kennysheep_dice, uniq_edmund, uniq_robin, uniq_pikel, uniq_menkaure
D:5:      grunt_qazlal_sundering, first_ration, minmay_crossroads
D:6:      dancing_weapons_uskayaw, minmay_misc_feat_ornament, uniq_eustachio,
          uniq_grinder, uniq_prince_ribbit1
D:7:      kennysheep_housing_project
D:8:      xom_teletrap_fun, serial_shops, shop, shop_scrolls, shop_fountains,
          shop, hangedman_ranch, fedhas_altar_fruit_tree, uniq_psyche
D:9:      nicolae_overflow_hidden_temple
Temple:   nicolae_temple_great_sept

Skill      XL: |  1  2  3  4  5  6  7  8  9 10 |
---------------+-------------------------------+-----
Spellcasting   | 3 4 5 6 7 9 10 | 10.1
Fighting       | 1 2 3 4 5 7 8 |  8.1
Summonings     | 4 5 6 7 |  7.8
Necromancy     | 2 3 4 |  4.3
Ice Magic      | 2 3 |  3.3
Dodging        | |  1.5
Stealth        | |  1.5

Action                   |  1- 3 |  4- 6 |  7- 9 | 10-12 || total
-------------------------+-------+-------+-------+-------++-------
Melee: Club              |    10 |       |       |       ||    10
       Unarmed           |     2 |       |       |       ||     2
       Whip              |     1 |    29 |   257 |    56 ||   343
       Dagger            |    99 |    50 |       |       ||   149
 Cast: Summon Small Mamm |    40 |       |       |       ||    40
       Call Imp          |    18 |    45 |    54 |       ||   117
       Animate Skeleton  |       |       |     8 |     2 ||    10
       Call Canine Famil |       |       |    16 |     1 ||    17
       Summon Guardian G |       |       |     6 |       ||     6
       Summon Ice Beast  |       |       |       |     6 ||     6
  Use: Scroll            |     5 |     3 |     6 |     1 ||    15
 Stab: Sleeping          |     2 |     3 |     5 |     1 ||    11
       Distracted        |       |       |     5 |       ||     5
Armor: Robe              |    20 |    12 |   102 |    21 ||   155
Dodge: Dodged            |    71 |    44 |   153 |    25 ||   293

Table legend:
 A = Non-vault XP
 B = Vault XP
 C = Vault XP percentage of total XP
 D = Non-vault monster count
 E = Vault monster count
 F = Vault count percentage of total count
                 A         B        C        D         E       F
            +---------+---------+-------+---------+---------+-------
      Total |    3557 |    4310 |  54.8 |     149 |      56 |  27.3
            +---------+---------+-------+---------+---------+-------
        D:1 |      30 |       3 |   9.1 |      25 |       2 |   7.4
        D:2 |      79 |       0 |   0.0 |      25 |       0 |   0.0
        D:3 |      26 |     326 |  92.6 |       9 |       1 |  10.0
        D:4 |     144 |     393 |  73.2 |      15 |      11 |  42.3
        D:5 |     121 |      64 |  34.6 |       7 |       2 |  22.2
        D:6 |     684 |     756 |  52.5 |      17 |       3 |  15.0
        D:7 |     920 |     483 |  34.4 |      19 |      28 |  59.6
        D:8 |     864 |    2285 |  72.6 |      25 |       9 |  26.5
        D:9 |     689 |       0 |   0.0 |       7 |       0 |   0.0
            +---------+---------+-------+---------+---------+-------
